 Dungeon Crawl Stone Soup version 0.17-a0-1837-g7c6a762 (webtiles) character file.

71 Blightor the Skirmisher (level 4, -4/37 HPs)
             Began as a Demonspawn Abyssal Knight on Sept 16, 2015.
             Was a Follower of Lugonu.
             Slain by a gnoll
             ... wielding a +0 spear
              (7 damage)
             ... on level 2 of the Dungeon.
             The game lasted 00:03:58 (749 turns).

Blightor the Skirmisher (Demonspawn Abyssal Knight)  Turns: 749, Time: 00:03:58

Health: -4/37      AC:  3    Str: 13    XL:     4   Next: 5%
Magic:  5/5        EV: 11    Int: 14    God:    Lugonu [*.....]
Gold:   47         SH:  0    Dex: 12    Spells: 0 memorised, 3 levels left

rFire  + . .     SeeInvis .     a - +1 falchion
rCold  . . .     Clarity  .     b - +0 leather armour
rNeg   . . .     SustAt   .     (no shield)
rPois  .         Gourm    .     (no helmet)
rElec  .         Spirit   .     (no cloak)
rCorr  .         Warding  .     (no gloves)
rMut   .         Stasis   .     (no boots)
MR     .....                    (no amulet)
Stlth  +.........               (no ring)
                                h - ring of protection from fire

@: not resistant to hostile enchantments, very unstealthy
A: demonic guardian 1, spiny 1
a: Depart the Abyss, Renounce Religion


You were on level 2 of the Dungeon.
You worshipped Lugonu.
Lugonu was aware of your devotion.
You were not hungry.

You visited 1 branch of the dungeon, and saw 2 of its levels.
You visited the Abyss 1 time.

You collected 47 gold pieces.

Inventory:

Hand weapons
 a - a +1 falchion (weapon)
Missiles
 f - 5 tomahawks (quivered)
Armour
 b - a +0 leather armour (worn)
Jewellery
 h - a ring of protection from fire (left hand)
Scrolls
 d - 5 scrolls of identify {unknown}
 e - 2 scrolls of teleportation {unknown}
 g - a scroll of amnesia {unknown}
 i - 2 scrolls of fear {unknown}
 k - a scroll of magic mapping {unknown}
Potions
 l - a potion of degeneration {unknown}
 m - a potion of ambrosia {unknown}
 n - a potion of brilliance {unknown}
Comestibles
 c - a bread ration
 j - a chunk of flesh


   Skills:
 + Level 4.3 Fighting
 - Level 1.7 Long Blades
 + Level 2.6 Armour
 - Level 0.8 Dodging
 - Level 2.5 Invocations


You had 3 spell levels left.
You didn't know any spells.

Dungeon Overview and Level Annotations

Branches:
Dungeon (2/15)

Altars:
Kikubaaqudgha
Nemelex Xobeh
Xom


Innate Abilities, Weirdness & Mutations

A weak demonic guardian rushes to your aid.
You are partially covered in sharp spines.


Message History

The gnoll hits you with a flail.
You barely miss the gnoll. The gnoll closely misses you.
The gnoll closely misses you.
The gnoll hits you from afar with a spear.
You hit the gnoll but do no damage. The gnoll is struck by your spines.
The gnoll hits you but does no damage. The gnoll barely misses you.
You closely miss the gnoll.
The gnoll is lightly wounded.
The gnoll is struck by your spines. The gnoll hits you with a flail!
* * * LOW HITPOINT WARNING * * *
The gnoll hits you from afar with a spear!
* * * LOW HITPOINT WARNING * * *
You hit the gnoll.
You kill the gnoll!
Lugonu accepts your kill.
You have reached level 4!
You feel clever.
Your demonic ancestry asserts itself...
You feel the presence of a demonic guardian.
The gnoll hits you from afar with a spear!
You die...

#.# #.##.#
#..##. #.#
#.##.##.._.
#... . #.# #.#
P...... ......
#.# #.# ......
#.# #†# .P..##
#.# #)# .P..P .
#.# #.# ..P P..
#.###.##.#.....
#.....@)g..#
#####.##.......
####.# ...#.##
#....# ...#
#...........
#....##...#.#
#....# ...#.#
#....# ...# #
#..... ..


You could see a gnoll.

Vanquished Creatures
  3 gnolls (D:2)
  An adder (D:2)
  An ooze (D:1)
  2 giant geckos (D:2)
  7 bats
  4 giant cockroaches (D:1)
  4 goblins
  2 hobgoblins (D:1)
  2 kobolds (D:1)
  A giant newt (D:2)
  4 rats
31 creatures vanquished.

Notes
Turn   | Place    | Note
--------------------------------------------------------------
     0 | Abyss:1  | Blightor the Demonspawn Abyssal Knight began the quest for the Orb.
     0 | Abyss:1  | Reached XP level 1. HP: 18/18 MP: 2/2
    48 | Abyss:1  | Noticed a hell hound
    50 | D:1      | Escaped the Abyss
    88 | D:1      | Acquired Lugonu's first power
   235 | D:1      | Gained mutation: You are partially covered in sharp spines. [demonic ancestry]
   235 | D:1      | Reached XP level 2. HP: 22/24 MP: 3/3
   427 | D:1      | Found a sparkling altar of Nemelex Xobeh.
   556 | D:2      | Found a shimmering altar of Xom.
   558 | D:2      | Reached XP level 3. HP: 30/30 MP: 4/4
   617 | D:2      | Reached skill level 4 in Fighting
   715 | D:2      | Found an ancient bone altar of Kikubaaqudgha.
   749 | D:2      | Gained mutation: A weak demonic guardian rushes to your aid. [demonic ancestry]
   749 | D:2      | Reached XP level 4. HP: 2/37 MP: 5/5
   749 | D:2      | Slain by a gnoll

Vault maps used:
D:1:      dpeg_arrival_prison, nemelex_xobeh_ov_fountains_minmay
D:2:      kiku_gazebo_garden_becter, dk_xom_monty_hall, uniq_jessica

Action                   |  1- 3 |  4- 6 || total
-------------------------+-------+-------++-------
Melee: Falchion          |    47 |       ||    47
Invok: Depart the Abyss  |     1 |       ||     1
 Stab: Sleeping          |     2 |       ||     2
